 Dungeon Crawl Stone Soup version 0.27.0-1-g7a089689b8 (webtiles) character file.

Game seed: 6016489968847819807

93 backslashecho the Chopper (level 4, -3/36 (41) HPs)
             Began as a Hill Orc Monk on Aug 6, 2021.
             Was a Priest of Beogh.
             Killed from afar by Maggie (5 damage)
             ... with a bolt of fire
             ... on level 6 of the Dungeon.
             The game lasted 00:09:41 (2944 turns).

backslashecho the Chopper (Hill Orc Monk)           Turns: 2944, Time: 00:09:42

HP:   -3/36 (41)    AC:  8    Str: 20    XL:     4   Next: 61%
MP:   1/4           EV:  8    Int: 10    God:    Beogh [***...]
Gold: 131           SH:  0    Dex: 13    Spells: 3/3 levels left

rFire    + . .     SeeInvis .   a - +0 hand axe
rCold    + . .     Faith    .   (no shield)
rNeg     . . .     Spirit   .   j - +0 chain mail
rPois    +         Reflect  .   (no helmet)
rElec    +         Harm     .   (no cloak)
rCorr    +         Rampage  .   (no gloves)
Will     .....                  (no boots)
Stlth    ..........             (no amulet)
HPRegen  0.12/turn              c - +6 ring of strength
MPRegen  0.09/turn              (no ring)

@: resistant, mesmerised, heavily drained
A: no striking features
a: Renounce Religion, Smiting


You were on level 6 of the Dungeon.
You worshipped Beogh.
Beogh was most pleased with you.
You visited 1 branch of the dungeon, and saw 4 of its levels.

You collected 131 gold pieces.

Inventory:

Hand Weapons
 a - a +0 hand axe (weapon)
Armour
 j - a +0 chain mail (worn)
Jewellery
 b - an amulet of regeneration
 c - a +6 ring of strength (left hand)
Scrolls
 d - a scroll of identify {unknown}
 h - a scroll of teleportation {unknown}
 i - a scroll of fog {unknown}
 k - a scroll of amnesia {unknown}
 n - a scroll of fear {unknown}
 o - a scroll of brand weapon {unknown}
Potions
 f - a potion of haste {unknown}
 g - a potion of brilliance {unknown}
 m - a potion of might {unknown}


   Skills:
 + Level 4.3 Fighting
 * Level 5.5 Axes
 + Level 1.9 Armour
 - Level 2.4 Dodging
 - Level 1.5 Stealth
 - Level 1.0 Unarmed Combat
 + Level 0.3 Invocations


You had 3 spell levels left.
You didn't know any spells.
Your spell library contained the following spells:

 Spells                   Type           Power      Damage    Failure   Level
 Pain                     Necr           0%         1d4       99%         1
 Summon Small Mammal      Summ           0%         N/A       99%         1
 Call Canine Familiar     Summ           0%         N/A       100%        3
 Summon Guardian Golem    Hex/Summ       0%         N/A       100%        3
 Agony                    Necr           0%         N/A       100%        5
 Excruciating Wounds      Necr           0%         N/A       100%        5


Dungeon Overview and Level Annotations

Branches:
Dungeon (3/15)

Altars:
Ru
Trog
Beogh

Annotations:
D:3 3 runed translucent doors, Natasha; robertstho's ghost, amateur OpBe
D:6 Maggie


Message History

You feel drained.
You take 12 damage, and have 19/38 hp.
MASSIVE DAMAGE!!
You barely miss the orc priest.
The orc priest is moderately wounded.
You hit Maggie.
You hit the howler monkey but do no damage.
The howler monkey hits you.
Maggie hits you with a +2 war axe of flaming.
Maggie burns you.
* * * LOW HITPOINT WARNING * * *
Maggie hits your orc with a +2 war axe of flaming!
Maggie burns your orc.
Your orc dies!
The howler monkey closely misses you.
The orc priest hits you with a +1 morningstar of draining.
* * * LOW HITPOINT WARNING * * *
You feel drained. Maggie casts a spell at you. The bolt of fire hits you.
* * * LOW HITPOINT WARNING * * *
You take 17 damage, and have 2/36 hp.
MASSIVE DAMAGE!!
Aiming: Smiting
Press: ? - help, Dir - move target, f - Maggie Smite: Maggie, wielding a +2 war axe of flaming and wearing +0 steam dragon scales (severely wounded, very poisoned)
You smite Maggie!
Maggie is almost dead.
The orc hits you but does no damage. The howler monkey barely misses you.
The orc priest closely misses you.
Maggie casts a spell.
Maggie attempts to bespell you!
You are mesmerised by Maggie!
You now have 1/4 mp.
It was a potion of resistance.
You feel protected. The orc hits you but does no damage.
The howler monkey hits you but does no damage.
The orc priest barely misses you. Maggie gestures at you while chanting.
The bolt of fire hits you. You resist.
You die...

#........[#
####.........#
.............#
.............#
.............#
......)).....#
......@ho....#
.......@.....#
.......o.....#
.............#
<............#
.............#
.............#
##############


You could see Maggie (mesmerising, very poisoned), a howler monkey, an orc
priest and an orc.

Vanquished Creatures
  An adder (D:2)
  3 dart slugs
  An orc (D:6)
  3 bats
  5 endoplasms
  4 giant cockroaches
  3 goblins
  13 hobgoblins
  5 jackals
  4 kobolds
  4 quokkas
  11 ball pythons
  3 frilled lizards
  6 rats
66 creatures vanquished.

Vanquished Creatures (others)
  2 orcs (D:6)
  A withered plant (D:1)
3 creatures vanquished.

Grand Total: 69 creatures vanquished

Notes
Turn   | Place    | Note
-------+----------+-------------------------------------------
     0 | D:1      | backslashecho the Hill Orc Monk began the quest for the
                  | Orb.
     0 | D:1      | Reached XP level 1. HP: 19/19 MP: 1/1
   121 | D:1      | Reached XP level 2. HP: 12/27 MP: 2/2
   580 | D:1      | Reached skill level 1 in Armour
   583 | D:1      | Reached skill level 1 in Unarmed Combat
   587 | D:1      | Reached XP level 3. HP: 33/33 MP: 3/3
  1093 | D:1      | Found a faded altar of an unknown god.
  1109 | D:1      | Became a worshipper of Beogh the Brigand
  1109 | D:1      | Reached * piety under Beogh
  1109 | D:1      | Reached ** piety under Beogh
  1528 | D:2      | Reached *** piety under Beogh
  1529 | D:2      | Reached skill level 5 in Axes
  1891 | D:2      | Reached XP level 4. HP: 35/40 MP: 4/4
  2562 | D:3      | Noticed Natasha
  2664 | D:3      | Found a bloodstained altar of Trog.
  2874 | D:3      | Noticed a water moccasin
  2874 | D:3      | Noticed robertstho's ghost (amateur OpBe)
  2876 | D:3      | Found a runed translucent gate.
  2877 | D:3      | Found a runed translucent gate.
  2877 | D:3      | Found a runed translucent gate.
  2918 | D:3      | Found a sacrificial altar of Ru.
  2937 | D:3      | You fall into a shaft and drop 3 floors!
  2937 | D:6      | Noticed Maggie
  2944 | D:6      | Killed from afar by Maggie

Illustrated notes

Levels and vault maps discovered:
D:1:      amcnicky_arrival_underground_garden, layout_basic,
          shapermc_ecumenical_altar_flowoftime, hangedman_decor_peaks_small
D:2:      layout_loops_ring, minmay_misc_feat_tiny, minmay_stone_trees_small,
          chequers_serial_rivers_marsh, serial_bayou_pond_d, nrook_mini_vaults
D:3:      layout_loops_ring, grunt_temple_overflow_holy_war,
          palyth_temple_overflow_mages, mainiacjoe_overflow_surrounded_room,
          hangedman_ru_absence, gammafunk_ghost_split, corexii_corridor_pit,
          uniq_natasha
D:6:      layout_gridville, portal_sewer_entry_f, uniq_maggie,
          uniq_blork_the_orc, uniq_pikel, uniq_edmund, uniq_menkaure,
          uniq_sigmund

Skill      XL: |  1  2  3 |
---------------+----------+-----
Armour         | 1 |  1.9
Unarmed Combat | 1 |  1.0
Fighting       | 4 |  4.3
Axes           | 5 |  5.5
Dodging        | |  2.4
Stealth        | |  1.5
Invocations    | |  0.3

Action                   |  1- 3 |  4- 6 || total
-------------------------+-------+-------++-------
Melee: Hand axe          |   136 |    68 ||   204
Invok: Smiting           |       |     1 ||     1
  Use: Potion            |       |     2 ||     2
 Stab: Sleeping          |     6 |       ||     6
       Distracted        |     1 |     1 ||     2
Armor: Robe              |    14 |       ||    14
       Chain mail        |       |    53 ||    53
Dodge: Dodged            |    80 |    34 ||   114
